[Event "GEO-ch U20 Boys 2020"]
[Site "Tbilisi"]
[Date "2020.08.09"]
[Round "4.3"]
[White "Naqopia, Giorgi"]
[Black "Akhvlediani, Irakli"]
[Result "0-1"]
[ECO "A45"]
[WhiteElo "1806"]
[BlackElo "2358"]
[Annotator "ChessBase"]
[PlyCount "68"]
[EventDate "2020.08.06"]
[EventType "tourn"]
[EventCountry "GEO"]
[SourceTitle "playchess.com"]
[Source "ChessBase"]
[SourceQuality "1"]
[TimeControl "40/5400+30:1800+30"]

1. d4 Nf6 2. Bg5 e6 3. e4 h6 4. Bxf6 Qxf6 5. Nf3 c5 6. e5 Qd8 7. d5 exd5 8. Qxd5 Be7 9. Nc3 Nc6 10. O-O-O O-O 11. a3 b5 12. Bxb5 Qb6 13. h4 Rb8 14. Qe4 Ba6 15. Bxa6 Qxa6 16. Ng5 g6 17. e6 dxe6 18. Nxe6 Rfc8 19. Rd7 Qb6 20. Na4 Qb5 21. h5 g5 22. f4 c4 23. fxg5 hxg5 24. h6 Bf6 25. c3 Ne5 26. Rd5 Nd3+ 27. Kd2 Qxa4 28. h7+ Kh8 29. Qf5 Rxb2+ 30. Ke3 Bxc3 31. Re5 Bxe5 32. Nxg5 Bf4+ 33. Kf3 Qc6+ 34. Kg4 Rxg2+ 0-1

[Event "GEO-ch U20 Boys 2020"]
[Site "Tbilisi"]
[Date "2020.08.09"]
[Round "4.5"]
[White "Tskipurishvili, Daviti"]
[Black "Safarov, Deniel"]
[Result "0-1"]
[ECO "B08"]
[WhiteElo "1902"]
[BlackElo "1766"]
[Annotator "ChessBase"]
[PlyCount "86"]
[EventDate "2020.08.06"]
[EventType "tourn"]
[EventCountry "GEO"]
[SourceTitle "playchess.com"]
[Source "ChessBase"]
[SourceQuality "1"]
[TimeControl "40/5400+30:1800+30"]

1. d4 Nf6 2. Nf3 g6 3. Nc3 d6 4. e4 Bg7 5. Be2 Nbd7 6. e5 Ng8 7. e6 fxe6 8. Ng5 Ndf6 9. Bc4 d5 10. Bd3 Nh6 11. h4 O-O 12. Qe2 e5 13. dxe5 Nfg4 14. f4 Bxe5 15. h5 Bxf4 16. Bxf4 Rxf4 17. Ne6 Bxe6 18. Qxe6+ Kg7 19. hxg6 Rf6 20. Qxd5 hxg6 21. O-O-O Qxd5 22. Nxd5 Nf2 23. Nxf6 exf6 24. Rhe1 Nxd1 25. Kxd1 Ng8 26. Kd2 Rd8 27. Kc3 Rd7 28. Re8 Ne7 29. Ra8 Nd5+ 30. Kb3 Rd6 31. Rxa7 Rb6+ 32. Ka3 Nb4 33. Be4 f5 34. Rxb7 fxe4 35. Rxb6 Nxc2+ 36. Kb3 Na1+ 37. Kc3 cxb6 38. a4 e3 39. Kd3 Nb3 40. Kxe3 Nc5 41. a5 bxa5 42. Kd4 Na4 43. b3 Nb6 0-1

[Event "GEO-ch U20 Boys 2020"]
[Site "Tbilisi"]
[Date "2020.08.09"]
[Round "4.6"]
[White "Shapovalovi, Vasiko"]
[Black "Qalichava, Akaki"]
[Result "1/2-1/2"]
[ECO "E15"]
[WhiteElo "1679"]
[BlackElo "1832"]
[Annotator "NA"]
[PlyCount "138"]
[EventDate "2020.08.06"]
[EventType "tourn"]
[EventCountry "GEO"]
[SourceTitle "playchess.com"]
[Source "ChessBase"]
[SourceQuality "1"]
[TimeControl "40/5400+30:1800+30"]

1. d4 Nf6 2. c4 e6 3. Nf3 b6 4. g3 Ba6 5. Qc2 Bb7 6. Bg2 c5 7. O-O cxd4 8. Nxd4 Bxg2 9. Kxg2 Qc8 10. b3 {[%emt 0:04:03] 10.b3 has become a bit dusty these days. E15: Queen's Indian: 4 g3 sidelines, 4 g3 Ba6 and 4 g3 Bb7 early deviations.} Nc6 11. Bb2 Qb7 12. Kg1 Be7 13. Rd1 a6 {[%emt 0:00:06] [#]} 14. Nd2 $146 ({Predecessor:} 14. Nc3 O-O 15. Nxc6 Qxc6 16. Qd3 Rfd8 17. Rac1 Qb7 18. e4 b5 19. e5 bxc4 20. Qxc4 {½-½ (91) Izsak,G (2400)-Murzin,L (2320) Budapest 1997}) 14... O-O 15. Ne4 Nxe4 16. Qxe4 Rac8 17. Nxc6 Rxc6 18. Qg4 f6 19. Rd3 Rfc8 20. Rad1 R8c7 21. a3 b5 22. c5 Bxc5 23. Bxf6 $1 d5 24. b4 Bf8 ({Better is} 24... Bb6 $11) 25. Rf3 Rf7 26. Be5 Rxf3 27. Qxf3 Qf7 28. Qe3 Qf5 29. Rd4 Be7 30. Rd3 Bf6 31. Bxf6 Qxf6 {[%emt 0:00:04] [#]} (31... gxf6 $11 32. f3 Qe5) 32. Rxd5 $1 h6 (32... Rc3 $16 {keeps fighting.} 33. Rd3 Rxd3 34. Qxd3 (34. exd3 e5 $16) 34... Qa1+ 35. Kg2 Qa2) 33. Rc5 Rd6 34. Rc8+ Kf7 35. Kg2 ({Don't do} 35. Qc5 $6 e5 $18) 35... Qf5 36. Qf3 Kg6 37. Rc7 Qxf3+ 38. Kxf3 Kf6 39. Rc3 $18 g5 40. e4 Rd2 41. Ke3 Ra2 42. h3 h5 43. h4 gxh4 44. gxh4 Ra1 45. Kd4 Rh1 46. Rc6 Rxh4 47. Rxa6 Rh3 48. Kc5 Rc3+ 49. Kxb5 h4 50. Ra8 h3 51. Rh8 Rxa3 52. Kb6 Kg5 53. b5 Kg4 54. Kb7 Ra5 55. Kc6 Ra2 56. b6 Rc2+ 57. Kd7 Rb2 58. Kc7 Rc2+ 59. Kb8 Rxf2 60. b7 h2 61. Kc7 Rc2+ 62. Kd6 Rb2 63. Rxh2 Rxb7 64. Kxe6 Kf4 65. Rh4+ Kg5 66. Rh8 Kf4 67. Kd5 Rb5+ 68. Kd4 Rb4+ 69. Kd3 Rb3+ 1/2-1/2

[Event "GEO-ch U20 Boys 2020"]
[Site "Tbilisi"]
[Date "2020.08.10"]
[Round "5.1"]
[White "Kacharava, Nikolozi"]
[Black "Adamia, Jaba"]
[Result "1-0"]
[ECO "B42"]
[WhiteElo "2437"]
[BlackElo "1905"]
[Annotator "ChessBase"]
[PlyCount "59"]
[EventDate "2020.08.06"]
[EventType "tourn"]
[EventCountry "GEO"]
[SourceTitle "playchess.com"]
[Source "ChessBase"]
[SourceQuality "1"]
[TimeControl "40/5400+30:1800+30"]

1. e4 c5 2. Nf3 e6 3. d4 cxd4 4. Nxd4 a6 5. Bd3 Nf6 6. O-O Qc7 7. Qe2 d6 8. f4 Nbd7 9. c4 Be7 10. b3 O-O 11. Bb2 b6 12. Nd2 Bb7 13. Rae1 Rfd8 14. Kh1 Nf8 15. e5 dxe5 16. fxe5 Ne8 17. Ne4 Ng6 18. Bb1 Bh4 19. Rc1 Rac8 20. Nf3 Be7 21. Qf2 Bxe4 22. Bxe4 Rd7 23. a3 Bc5 24. Qe1 Qd8 25. b4 Be7 26. Qf2 Nf8 27. Bd4 Rb8 28. Bc6 Ra7 29. Rfd1 Qc7 30. Bxe8 1-0

[Event "GEO-ch U20 Boys 2020"]
[Site "Tbilisi"]
[Date "2020.08.10"]
[Round "5.2"]
[White "Petriashvili, Nikoloz"]
[Black "Akhvlediani, Irakli"]
[Result "1/2-1/2"]
[ECO "E73"]
[WhiteElo "2423"]
[BlackElo "2358"]
[Annotator "ChessBase"]
[PlyCount "77"]
[EventDate "2020.08.06"]
[EventType "tourn"]
[EventCountry "GEO"]
[SourceTitle "playchess.com"]
[Source "ChessBase"]
[SourceQuality "1"]
[TimeControl "40/5400+30:1800+30"]

1. d4 Nf6 2. c4 g6 3. Nc3 Bg7 4. e4 d6 5. Be2 O-O 6. Be3 Nbd7 7. Nf3 e5 8. O-O c6 9. Qc2 Ng4 10. Bg5 Bf6 11. Bxf6 Ngxf6 12. Rad1 Qe7 13. Qd2 Re8 14. Rfe1 a6 15. Bf1 Qf8 16. a3 b6 17. g3 Bb7 18. b4 Rad8 19. Bh3 b5 20. dxe5 Nxe5 21. Nxe5 dxe5 22. Qe3 Rxd1 23. Rxd1 Rd8 24. Qb6 Rxd1+ 25. Nxd1 Bc8 26. Qxc6 Bxh3 27. Qxf6 bxc4 28. Ne3 c3 29. Nd5 Qh6 30. Qd8+ Kg7 31. Qf6+ Kg8 32. Qd8+ Kg7 33. f4 Qh5 34. Nf6 Qf3 35. Ne8+ Kg8 36. Nd6+ Kg7 37. Ne8+ Kg8 38. Nd6+ Kg7 39. Ne8+ 1/2-1/2

[Event "GEO-ch U20 Boys 2020"]
[Site "Tbilisi"]
[Date "2020.08.10"]
[Round "5.4"]
[White "Sartania, Giorgi"]
[Black "Kilasonia, Lado"]
[Result "1-0"]
[ECO "A45"]
[WhiteElo "1690"]
[BlackElo "1390"]
[Annotator "NA"]
[PlyCount "104"]
[EventDate "2020.08.06"]
[EventType "tourn"]
[EventCountry "GEO"]
[SourceTitle "playchess.com"]
[Source "ChessBase"]
[SourceQuality "1"]
[TimeControl "40/5400+30:1800+30"]

1. d4 Nf6 2. Nc3 d5 3. Bf4 c6 4. e3 Bf5 5. f3 e6 6. g4 Bg6 7. h4 h5 8. g5 Nfd7 9. Bd3 Bxd3 10. Qxd3 Nb6 11. g6 f6 12. Nge2 Bd6 13. b3 Qc7 14. Rg1 N8d7 15. O-O-O O-O-O 16. Kb2 e5 17. Bg3 exd4 18. exd4 Rde8 19. Bxd6 Qxd6 20. Ng3 Nf8 21. Nf5 Qd7 22. a4 Kc7 23. a5 Nc8 24. Na4 Nd6 25. Ng3 Qh3 26. Nc5 Ne6 27. Ne2 Qxh4 28. Rh1 Qg5 29. Rdg1 Nxc5 30. dxc5 Qe5+ 31. Qd4 Qxe2 32. cxd6+ Kxd6 33. Qb4+ Kc7 34. Re1 Qxf3 35. Re7+ Rxe7 36. Qxe7+ Kc8 37. Re1 d4 38. Qe6+ Kc7 39. Qf7+ Kc8 40. Re7 Qc3+ 41. Kb1 Qxa5 42. Qxg7 Rd8 43. Qxf6 d3 44. Qe6+ Kb8 45. cxd3 Rxd3 46. Re8+ Kc7 47. Qf7+ Kb6 48. Qf2+ Ka6 49. Qc2 Rg3 50. Qe2+ Qb5 51. Qa2+ Qa5 52. Qe2+ b5 1-0

[Event "GEO-ch U20 Boys 2020"]
[Site "Tbilisi"]
[Date "2020.08.10"]
[Round "5.5"]
[White "Gongliashvili, Zurab"]
[Black "Tsomaia, Nikoloz"]
[Result "1/2-1/2"]
[ECO "C50"]
[WhiteElo "1807"]
[BlackElo "2240"]
[Annotator "ChessBase"]
[PlyCount "194"]
[EventDate "2020.08.06"]
[EventType "tourn"]
[EventCountry "GEO"]
[SourceTitle "playchess.com"]
[Source "ChessBase"]
[SourceQuality "1"]
[TimeControl "40/5400+30:1800+30"]

1. e4 e5 2. Nf3 Nc6 3. Bc4 Bc5 4. Nc3 Nf6 5. d3 h6 6. O-O d6 7. h3 a6 8. a4 Ba7 9. Be3 O-O 10. Bxa7 Rxa7 11. d4 Qe7 12. Nd5 Nxd5 13. exd5 Nxd4 14. Nxd4 exd4 15. Qxd4 Ra8 16. Rae1 Qg5 17. Kh2 Bd7 18. h4 Qd8 19. Re3 Bxa4 20. Rg3 f6 21. Qf4 Bxc2 22. Qxh6 Qd7 23. Rc1 Bh7 24. h5 Rae8 25. Rcc3 Re4 26. Qd2 Rh4+ 27. Rh3 Qg4 28. Be2 Rxh3+ 29. gxh3 Qf5 30. Bg4 Qe5+ 31. f4 Qe7 32. Re3 Qd8 33. Be6+ Kh8 34. f5 Qe8 35. h6 gxh6 36. Rc3 Qh5 37. Rxc7 Qg5 38. Qxg5 fxg5 39. Rxb7 Bxf5 40. Rb6 Bxe6 41. dxe6 Kg7 42. Rxd6 a5 43. Ra6 Rf2+ 44. Kg3 Rxb2 45. Rxa5 Kf6 46. e7 Rb3+ 47. Kg4 Rb4+ 48. Kg3 Kxe7 49. Ra7+ Kf6 50. Ra6+ Kg7 51. Rc6 Rf4 52. Ra6 h5 53. Ra7+ Kg6 54. Ra6+ Rf6 55. Ra3 Rb6 56. Rc3 h4+ 57. Kf3 Rb2 58. Rc6+ Kh5 59. Rc8 Rh2 60. Rh8+ Kg6 61. Rg8+ Kh6 62. Kg4 Rg2+ 63. Kf5 Rf2+ 64. Ke4 Rf4+ 65. Ke3 Ra4 66. Kf3 Ra3+ 67. Kg2 Rg3+ 68. Kh2 Kh7 69. Rf8 Rd3 70. Rf2 Kg6 71. Ra2 Kf5 72. Rf2+ Ke4 73. Rg2 Kf4 74. Rg4+ Kf5 75. Rg2 Re3 76. Rf2+ Ke5 77. Rg2 Kf4 78. Rg4+ Kf5 79. Rg2 Re5 80. Rf2+ Ke4 81. Kg2 Kd3 82. Rf3+ Kd4 83. Rf2 Re3 84. Rf5 Rg3+ 85. Kh2 Ke4 86. Ra5 Kf4 87. Ra4+ Kf5 88. Ra5+ Kg6 89. Ra6+ Kh5 90. Ra2 Re3 91. Rb2 Kg6 92. Rf2 Re4 93. Kg2 Rf4 94. Ra2 Rf6 95. Rb2 Kf5 96. Rb5+ Kf4 97. Rb4+ Ke5 1/2-1/2

[Event "GEO-ch U20 Boys 2020"]
[Site "Tbilisi"]
[Date "2020.08.10"]
[Round "5.6"]
[White "Qalichava, Akaki"]
[Black "Tsereteli, Tornike"]
[Result "1-0"]
[ECO "C06"]
[WhiteElo "1832"]
[BlackElo "1735"]
[Annotator "NA"]
[PlyCount "118"]
[EventDate "2020.08.06"]
[EventType "tourn"]
[EventCountry "GEO"]
[SourceTitle "playchess.com"]
[Source "ChessBase"]
[SourceQuality "1"]
[TimeControl "40/5400+30:1800+30"]

1. e4 e6 2. d4 d5 3. Nd2 Nf6 4. e5 Nfd7 5. Bd3 c5 6. c3 Nc6 7. Ne2 cxd4 8. cxd4 f6 9. exf6 Qxf6 10. Nf3 Bb4+ 11. Bd2 Bxd2+ 12. Qxd2 O-O 13. O-O e5 14. dxe5 Ndxe5 15. Nxe5 Nxe5 16. Nd4 {[%emt 0:03:35] C06: French Tarrasch: 3...Nf6 4 e5 Nfd7 5 Bd3 main lines.} Kh8 {[%emt 0:03:52] [#]} 17. Be2 $146 ({Predecessor:} 17. Rad1 Bd7 18. Be2 Rad8 19. b3 a6 20. Qb4 Qg6 21. Rfe1 Bh3 22. Bf1 Nc6 23. Qb6 Rd6 24. Nxc6 bxc6 25. Qxa6 {1-0 (40) Maksimenko,A (2483)-Musialkiewicz,P (2247) Pokrzywna 2018}) 17... Bg4 18. Bxg4 Nxg4 19. h3 Ne5 20. b3 Ng6 21. g3 Ne5 22. Rad1 Nf7 23. Kg2 Ng5 24. f3 Rad8 25. Rde1 Rde8 26. Re3 Ne4 27. Qd3 Nc5 28. Qe2 Qg6 29. Rd1 Rxe3 30. Qxe3 Re8 31. Qd2 Qa6 32. Qc2 Qb6 33. Ne2 Rd8 34. Qf5 Qe6 35. Qxe6 Nxe6 36. f4 g6 37. g4 Kg7 38. Kf3 Kf6 39. Nc3 Nc7 40. Rd4 Rd6 41. Ke3 Ke6 42. Rd2 Rc6 43. Kd4 Kd6 44. f5 gxf5 45. gxf5 b5 {[%emt 0:00:30] [#]} (45... Rb6 $11) 46. Re2 $1 b4 47. Nxd5 Nb5+ 48. Ke4 Rc1 49. Rd2 Re1+ 50. Kf4 Rf1+ $18 51. Kg5 Ke5 52. Ne3 Rg1+ 53. Ng4+ Ke4 54. f6 Nd4 55. Rxd4+ Kxd4 56. f7 Rf1 57. Nf6 Ke5 58. f8=Q Rf5+ 59. Kg4 Rxf6 1-0

[Event "GEO-ch U20 Boys 2020"]
[Site "Tbilisi"]
[Date "2020.08.11"]
[Round "6.1"]
[White "Akhvlediani, Irakli"]
[Black "Kacharava, Nikolozi"]
[Result "0-1"]
[ECO "D34"]
[WhiteElo "2358"]
[BlackElo "2437"]
[Annotator "ChessBase"]
[PlyCount "74"]
[EventDate "2020.08.06"]
[EventType "tourn"]
[EventCountry "GEO"]
[SourceTitle "playchess.com"]
[Source "ChessBase"]
[SourceQuality "1"]
[TimeControl "40/5400+30:1800+30"]

1. d4 d5 2. c4 e6 3. Nf3 c5 4. cxd5 exd5 5. Nc3 Nc6 6. g3 Nf6 7. Bg2 Be7 8. O-O O-O 9. dxc5 Bxc5 10. a3 Ne4 11. Nxd5 Be6 12. Ne3 f5 13. Qxd8 Raxd8 14. b4 Bb6 15. Nc2 Bb3 16. b5 Na5 17. Nb4 Bc4 18. Be3 Bxe3 19. fxe3 Nb3 20. Rad1 Bxe2 21. Rxd8 Rxd8 22. Re1 Bxb5 23. Nh4 a5 24. Nxf5 axb4 25. Bxe4 Nd2 26. Bxb7 b3 27. Nd4 Bc4 28. a4 Rb8 29. Nxb3 Bxb3 30. Bc6 Bxa4 31. Bd5+ Kf8 32. Ra1 Rb4 33. Rc1 Ke7 34. Bg8 Rb2 35. Bd5 Bc2 36. Ra1 Be4 37. Ra7+ Kf6 0-1

[Event "GEO-ch U20 Boys 2020"]
[Site "Tbilisi"]
[Date "2020.08.11"]
[Round "6.2"]
[White "Khodashneli, Shota"]
[Black "Kilasonia, Lado"]
[Result "1/2-1/2"]
[ECO "B51"]
[WhiteElo "1940"]
[BlackElo "1390"]
[Annotator "ChessBase"]
[PlyCount "117"]
[EventDate "2020.08.06"]
[EventType "tourn"]
[EventCountry "GEO"]
[SourceTitle "playchess.com"]
[Source "ChessBase"]
[SourceQuality "1"]
[TimeControl "40/5400+30:1800+30"]

1. e4 c5 2. Nf3 d6 3. Bb5+ Nd7 4. O-O a6 5. Bxd7+ Bxd7 6. d4 cxd4 7. Qxd4 e5 8. Qd3 h6 9. c4 Nf6 10. Nc3 Be7 11. b3 O-O 12. a4 Be6 13. Ba3 Qc7 14. Rfd1 Rad8 15. Rac1 Nh5 16. Qe3 f5 17. exf5 Rxf5 18. Ne4 Nf6 19. Nxf6+ Rxf6 20. c5 dxc5 21. Rxd8+ Qxd8 22. Nxe5 Qd5 23. Bxc5 Bxc5 24. Qxc5 Qxc5 25. Rxc5 Bxb3 26. a5 Rd6 27. f4 Rd5 28. Rxd5 Bxd5 29. Kf2 Kf8 30. g4 Ke7 31. Ke3 Kd6 32. Kd4 Ba2 33. h4 h5 34. gxh5 Ke6 35. Ng4 Kf5 36. h6 gxh6 37. Nxh6+ Kxf4 38. Kc5 Be6 39. Kd6 Bc4 40. Ke7 Ke5 41. Ng4+ Kf4 42. Nf6 Kf5 43. Nd7 Be2 44. Kd6 Kg4 45. Kc7 Kxh4 46. Kxb7 Kg5 47. Nc5 Kf6 48. Nxa6 Ke7 49. Nc7 Kd7 50. Kb6 Kc8 51. Nd5 Kb8 52. Nf4 Bf1 53. Ng6 Ka8 54. Ne7 Kb8 55. Nc6+ Ka8 56. Kc7 Bg2 57. Nd4 Ka7 58. a6 Kxa6 59. Nb3 1/2-1/2

[Event "GEO-ch U20 Boys 2020"]
[Site "Tbilisi"]
[Date "2020.08.11"]
[Round "6.3"]
[White "Tsomaia, Nikoloz"]
[Black "Petriashvili, Nikoloz"]
[Result "0-1"]
[ECO "B24"]
[WhiteElo "2240"]
[BlackElo "2423"]
[Annotator "ChessBase"]
[PlyCount "72"]
[EventDate "2020.08.06"]
[EventType "tourn"]
[EventCountry "GEO"]
[SourceTitle "playchess.com"]
[Source "ChessBase"]
[SourceQuality "1"]
[TimeControl "40/5400+30:1800+30"]

1. e4 c5 2. Nc3 Nc6 3. Bb5 Nd4 4. Nf3 g6 5. Nxd4 cxd4 6. Ne2 Bg7 7. O-O e6 8. c3 a6 9. Bd3 dxc3 10. bxc3 d5 11. Ba3 b5 12. exd5 Bb7 13. Nf4 Be5 14. dxe6 Bxf4 15. Qg4 Bc7 16. Be4 Bd5 17. Qf3 fxe6 18. Qf8+ Kd7 19. Qg7+ Ne7 20. Bxd5 exd5 21. Rae1 Re8 22. Qf7 Bd6 23. Bxd6 Kxd6 24. Re6+ Kd7 25. Rfe1 Ra7 26. Qxh7 Kc8 27. h4 d4 28. g3 dxc3 29. dxc3 Rc7 30. Qf7 Rf8 31. Qg7 Nf5 32. Qxg6 Nxh4 33. Qe4 Nf3+ 34. Kh1 Rh8+ 35. Kg2 Nxe1+ 36. Kg1 Qd1 0-1

[Event "GEO-ch U20 Boys 2020"]
[Site "Tbilisi"]
[Date "2020.08.11"]
[Round "6.5"]
[White "Loladze, Andria"]
[Black "Qalichava, Akaki"]
[Result "1-0"]
[ECO "B40"]
[WhiteElo "1794"]
[BlackElo "1832"]
[Annotator "NA"]
[PlyCount "103"]
[EventDate "2020.08.06"]
[EventType "tourn"]
[EventCountry "GEO"]
[SourceTitle "playchess.com"]
[Source "ChessBase"]
[SourceQuality "1"]
[TimeControl "40/5400+30:1800+30"]

1. e4 c5 2. Nf3 e6 3. c3 Nf6 4. e5 Nd5 5. d4 cxd4 6. cxd4 d6 7. Bd3 Nb4 8. O-O {[%emt 0:16:10] B22: Sicilian: 2 c3.} Nxd3 9. Qxd3 {[%emt 0:00:06] [#]} d5 $146 ({Predecessor:} 9... dxe5 10. Nxe5 Be7 11. Nc3 O-O 12. Bf4 Na6 13. a3 Nc7 14. Rac1 Nd5 15. Bg3 h5 {1-0 (49) Van der Lende,I (2353)-Brink,B (2360) Wijk aan Zee 2016}) 10. Bg5 Qb6 11. Nc3 Bd7 12. a3 h6 13. Bh4 Nc6 14. Rfd1 Na5 15. Nd2 Rc8 (15... g5 $5 16. Bg3 $8 Rc8 $11) 16. Rab1 Be7 17. Bxe7 Kxe7 18. f4 g6 19. Nf3 Kf8 20. g4 Qd8 21. Kf2 Nc4 22. Rg1 Rc6 23. h4 h5 24. gxh5 Rxh5 25. Rg5 Rxg5 26. hxg5 Qc7 27. Ne2 a6 (27... Rb6 $15 28. Qc3 Qc6) 28. Nh4 Be8 29. f5 exf5 30. Nf4 Qd8 31. Nf3 Nb6 32. Qf1 Rc2+ 33. Kg3 Ke7 34. Qh3 Kd7 35. Re1 Kc8 36. Qh7 (36. Qh8 $11) 36... Nc4 37. e6 {[%emt 0:00:32] [#]} (37. Qg8 $11 {remains equal.}) 37... Nd6 $1 38. e7 $19 (38. exf7 $17 {was the crucial defense.} Bxf7 39. Re2 Ne4+ 40. Rxe4 dxe4 41. Qxf7 exf3 42. Qxg6) 38... Qd7 39. Ne5 (39. Re2 $142 Rxe2 40. Nxe2) 39... Qxe7 40. Qh4 Ne4+ {[%emt 0:00:14] Double Attack} 41. Kf3 Nxg5+ 42. Ke3 f6 43. Nxd5 Qe6 44. Kd3 fxe5 45. Rxe5 Bb5+ 46. Kxc2 Qc6+ 47. Nc3 Nf7 48. Rc5 Qxc5 49. dxc5 Bc6 50. Qf6 Nd8 51. Qxg6 f4 52. Qf5+ 1-0

[Event "GEO-ch U20 Boys 2020"]
[Site "Tbilisi"]
[Date "2020.08.11"]
[Round "6.6"]
[White "Naqopia, Giorgi"]
[Black "Kavkasidze, Ilia"]
[Result "1/2-1/2"]
[ECO "D59"]
[WhiteElo "1806"]
[BlackElo "1768"]
[Annotator "NA RC"]
[PlyCount "76"]
[EventDate "2020.08.06"]
[EventType "tourn"]
[EventCountry "GEO"]
[SourceTitle "playchess.com"]
[Source "ChessBase"]
[SourceQuality "1"]
[TimeControl "40/5400+30:1800+30"]

1. d4 d5 2. c4 e6 3. Nf3 Nf6 4. Nc3 Be7 5. Bg5 O-O 6. e3 h6 7. Bh4 b6 8. cxd5 Nxd5 9. Bxe7 Qxe7 10. Nxd5 exd5 11. Rc1 Bb7 {[%emt 0:06:22] D59: Queen's Gambit Declined: Tartakower Defence: Main line (8 cxd5 Nxd5).} 12. Be2 c5 13. dxc5 bxc5 14. Qb3 {[%emt 0:00:05] [#]} Rd8 $146 ({Predecessor:} 14... Rc8 15. O-O Nc6 16. Rfd1 Rab8 17. Bf1 Nd8 18. Qa3 Rc7 19. Ne1 Ne6 20. Nd3 Ba8 {½-½ (47) Ovsejevitsch,S-Kosevich Simferopol 1991}) 15. O-O Ba6 16. Rfe1 Qd6 17. Qa3 Bxe2 18. Rxe2 Nd7 19. Nd4 Rac8 20. Rec2 Qb6 21. b3 g6 22. h3 a5 (22... Ne5 $11) 23. Ne2 Ra8 ({Better is} 23... Rc6 $14) 24. Nc3 d4 {[%emt 0:01:13] [#]} 25. Na4 ({Better is} 25. exd4 $1 $16 Qb4 26. Qxb4 cxb4 27. Nd5) 25... Qb4 26. Qxb4 axb4 27. exd4 cxd4 28. Rd2 Nf6 29. Rcd1 Ne4 30. Rxd4 Rxd4 31. Rxd4 Nc3 32. Rxb4 Nxa2 33. Rb7 Kg7 34. Nb6 Rd8 35. Nd7 Re8 36. b4 ({Better is} 36. Kf1 $16) 36... Re7 37. b5 Nc3 38. b6 Nd5 $11 1/2-1/2

[Event "GEO-ch U20 Boys 2020"]
[Site "Tbilisi"]
[Date "2020.08.12"]
[Round "7.1"]
[White "Petriashvili, Nikoloz"]
[Black "Kacharava, Nikolozi"]
[Result "1/2-1/2"]
[ECO "D27"]
[WhiteElo "2423"]
[BlackElo "2437"]
[Annotator "ChessBase"]
[PlyCount "165"]
[EventDate "2020.08.06"]
[EventType "tourn"]
[EventCountry "GEO"]
[SourceTitle "playchess.com"]
[Source "ChessBase"]
[SourceQuality "1"]
[TimeControl "40/5400+30:1800+30"]

1. d4 d5 2. c4 dxc4 3. Nf3 Nf6 4. e3 e6 5. Bxc4 c5 6. O-O a6 7. b3 Nc6 8. Bb2 cxd4 9. Nxd4 Bd7 10. Nd2 Be7 11. N4f3 O-O 12. a3 Qa5 13. b4 Qh5 14. e4 Rfd8 15. Qe2 Na7 16. e5 Nd5 17. Bxd5 exd5 18. Qe3 a5 19. Qb6 Qg6 20. bxa5 Nc6 21. Rfc1 Nxa5 22. Bd4 Nc4 23. Nxc4 dxc4 24. Qxg6 hxg6 25. Rxc4 Rxa3 26. Rxa3 Bxa3 27. Bb6 Re8 28. h3 Bc6 29. Bc7 Bxf3 30. gxf3 Rc8 31. Ra4 Bc5 32. Bd6 Bxd6 33. exd6 Rd8 34. Rc4 Rxd6 35. Rc8+ Kh7 36. Rc7 b5 37. Rb7 Rf6 38. Rxb5 Rxf3 39. Kg2 Ra3 40. h4 f6 41. f3 Re3 42. Kg3 Re2 43. Rc5 Re5 44. Rc4 Kh6 45. Rc8 g5 46. Rc4 Kg6 47. hxg5 Rxg5+ 48. Kf2 Ra5 49. Rc7 Kh6 50. Rf7 Ra6 51. Kg3 g5 52. Rf8 Kg7 53. Rb8 f5 54. Rc8 Ra3 55. Kg2 Kf6 56. Rc5 Ke6 57. Rb5 Rd3 58. Kf2 Rd5 59. Rb2 Ke5 60. Ra2 f4 61. Ra4 Kf5 62. Ra8 Ke5 63. Ra4 Rd2+ 64. Kf1 Rc2 65. Kg1 Kf5 66. Ra8 Ke5 67. Ra4 Kd5 68. Kf1 Rc4 69. Ra5+ Rc5 70. Ra4 Rc4 71. Ra5+ Kd4 72. Rxg5 Ke3 73. Ra5 Rc3 74. Kg2 Rc2+ 75. Kf1 Rf2+ 76. Kg1 Rd2 77. Kf1 Rf2+ 78. Kg1 Rxf3 79. Ra3+ Ke4 80. Ra4+ Kf5 81. Kg2 Rg3+ 82. Kf2 Kg4 83. Ra8 1/2-1/2

[Event "GEO-ch U20 Boys 2020"]
[Site "Tbilisi"]
[Date "2020.08.12"]
[Round "7.2"]
[White "Kukhaleishvili, Giorgi"]
[Black "Loladze, Andria"]
[Result "1-0"]
[ECO "B01"]
[WhiteElo "1801"]
[BlackElo "1794"]
[Annotator "NA"]
[PlyCount "65"]
[EventDate "2020.08.06"]
[EventType "tourn"]
[EventCountry "GEO"]
[SourceTitle "playchess.com"]
[Source "ChessBase"]
[SourceQuality "1"]
[TimeControl "40/5400+30:1800+30"]

1. e4 d5 2. exd5 Qxd5 3. Nc3 Qa5 4. d4 Nf6 5. Nf3 Bg4 6. h3 Bh5 7. g4 Bg6 8. Ne5 c6 9. Bg2 (9. h4 $16) 9... e6 10. O-O Nbd7 11. Nxg6 hxg6 12. Bf4 O-O-O 13. Qe2 {[%emt 0:20:29] B01: Scandinavian Defence.} Bb4 {[%emt 0:11:41] [#]} 14. Ne4 $146 ({Predecessor:} 14. a3 Bxc3 15. bxc3 Qxc3 16. Rab1 Nd5 17. Bg3 g5 18. Rfd1 Nf4 19. Bxf4 gxf4 20. Rb3 Qa5 {½-½ (80) Perez Mitjans,O (2429)-Ortega Ruiz,J (2338) Azuqueca de Henares 2013}) 14... Nxe4 15. Qxe4 Qb6 (15... Nf6 $11 {keeps the balance.} 16. Qd3 Bd6 17. Bxd6 Rxd6) 16. c3 Nf6 17. Qf3 Be7 18. Rfe1 Rd7 19. b4 Rhd8 (19... Nd5 $16) 20. a4 a5 21. b5 c5 22. Be5 g5 23. Rac1 Bd6 24. Bxf6 gxf6 25. Qxf6 Bf4 {[%emt 0:00:35] [#]} 26. Rc2 $11 (26. Rcd1 $1 $16) 26... cxd4 27. cxd4+ Kb8 28. d5 Rd6 29. Qxf7 exd5 30. Re7 Qd4 31. Rxb7+ Ka8 32. Rcc7 Qa1+ 33. Bf1 1-0

[Event "GEO-ch U20 Boys 2020"]
[Site "Tbilisi"]
[Date "2020.08.12"]
[Round "7.3"]
[White "Nemsadze, Daviti"]
[Black "Khodashneli, Shota"]
[Result "0-1"]
[ECO "A41"]
[WhiteElo "1771"]
[BlackElo "1940"]
[Annotator "ChessBase"]
[PlyCount "116"]
[EventDate "2020.08.06"]
[EventType "tourn"]
[EventCountry "GEO"]
[SourceTitle "playchess.com"]
[Source "ChessBase"]
[SourceQuality "1"]
[TimeControl "40/5400+30:1800+30"]

1. d4 d6 2. Nf3 Nf6 3. g3 Nbd7 4. Bg2 e5 5. c4 c6 6. O-O e4 7. Nfd2 d5 8. cxd5 cxd5 9. f3 exf3 10. exf3 Be7 11. Nc3 O-O 12. Re1 Nb8 13. Nb3 Nc6 14. f4 Bf5 15. h3 h5 16. a3 Qd7 17. Kh2 Rfe8 18. Be3 Bd6 19. Nb5 h4 20. Nxd6 hxg3+ 21. Kxg3 Qxd6 22. Kh2 Re7 23. Bd2 Rae8 24. Rxe7 Rxe7 25. Qf1 Bc2 26. Nc1 Ne4 27. Be3 Ng3 28. Qf2 Nf5 29. Bd2 Be4 30. Ne2 Bxg2 31. Kxg2 Qg6+ 32. Kh2 Ncxd4 33. Nxd4 Nxd4 34. Re1 Rxe1 35. Bxe1 Qc2 36. Qxc2 Nxc2 37. Bd2 Nd4 38. Kg2 Kh7 39. Be3 Nc6 40. Kf2 Kg6 41. Ke2 Kf5 42. Kf3 a5 43. b3 b5 44. a4 bxa4 45. bxa4 d4 46. Bd2 Ke6 47. Ke4 f5+ 48. Kd3 Kd5 49. h4 Nb4+ 50. Ke2 Kc4 51. Be1 g6 52. Kd2 Nd3 53. Bg3 Nc5 54. Kc2 d3+ 55. Kd1 Nxa4 56. Be1 Nc3+ 57. Kd2 Ne4+ 58. Ke3 d2 0-1